 Dungeon Crawl Stone Soup version 0.25-a0-10-g2fe12d4386 (webtiles) character file.

Game seed: 11863158322371521983, levelgen mode: deterministic

6898 CryoSword the Merchant of Misery (level 10, -2/76 HPs)
             Began as a Demonspawn Necromancer on Oct 15, 2019.
             Was a Believer of Kikubaaqudgha.
             Slain by a fire bat (9 damage)
             ... on level 10 of the Dungeon.
             The game lasted 01:27:35 (14717 turns).

CryoSword the Merchant of Misery (DsNe)            Turns: 14717, Time: 01:27:35

Health: -2/76      AC: 10    Str: 10    XL:     10   Next: 79%
Magic:  0/17       EV: 12    Int: 21    God:    Kikubaaqudgha [**....]
Gold:   177        SH:  4    Dex: 13    Spells: 3/19 levels left

rFire    . . .     SeeInvis .     - Unarmed
rCold    + . .     Gourm    .   (no shield)
rNeg     . . .     Faith    .   H - +5 leather armour "Abisso" {rElec Int+2}
rPois    .         Spirit   +   s - +2 hat
rElec    +         Reflect  +   p - scarf {repulsion}
rCorr    +         Harm     .   (no gloves)
MR       .....                  (no boots)
Stlth    ++........             e - +4 amulet of reflection
HPRegen  0.22/turn              z - ring of resist corrosion
MPRegen  0.15/turn              (no ring)

@: studying Hexes, repel missiles
A: claws 2, hooves 1, horns 2, cold resistance 1, magic shield
a: Receive Corpses, Renounce Religion


You were on level 10 of the Dungeon.
You worshipped Kikubaaqudgha.
Kikubaaqudgha was pleased with you.
You were near starving.

You visited 2 branches of the dungeon, and saw 11 of its levels.

You collected 578 gold pieces.
You spent 401 gold pieces at shops.

Inventory:

Missiles
 t - 20 boomerangs (quivered)
 v - 2 poisoned darts
 I - 2 throwing nets {!f}
 J - 69 arrows
Armour
 p - a scarf of repulsion (worn)
   (You found it on level 2 of the Dungeon)
 s - a +2 hat (worn)
   (You found it on level 4 of the Dungeon)
 H - the +5 leather armour "Abisso" (worn) {rElec Int+2}
   (You bought it in a shop on level 7 of the Dungeon)

   It affects your intelligence (+2).
   It insulates you from electricity.
 K - a +0 buckler
   (You found it on level 9 of the Dungeon)
Jewellery
 e - a +4 amulet of reflection (around neck)
   (You found it on level 1 of the Dungeon)
 z - a ring of resist corrosion (left claw)
   (You took it off an orc on level 5 of the Dungeon)
Wands
 i - a wand of disintegration (17)
   (You found it on level 3 of the Dungeon)
 u - a wand of acid (5)
   (You found it on level 3 of the Dungeon)
 y - a wand of flame (31)
   (You found it on level 5 of the Dungeon)
 A - a wand of iceblast (9)
   (You found it on level 8 of the Dungeon)
Scrolls
 d - 3 scrolls of immolation {!r}
 f - a scroll of magic mapping
 g - a scroll of identify {@r1}
 j - 4 scrolls of remove curse {@r2}
 m - a scroll of fog {unknown}
 n - 4 scrolls of enchant weapon
 q - a scroll of acquirement {unknown}
 x - 3 scrolls of teleportation {@r4}
 B - a scroll of holy word {unknown}
 E - a scroll of blinking {unknown}
 G - 3 scrolls of amnesia
 L - a scroll of enchant armour
 M - a scroll of fear {unknown}
Potions
 a - a potion of might {unknown}
 b - a potion of berserk rage {unknown}
 h - a potion of flight {unknown}
 k - a potion of cancellation {unknown}
 l - a potion of resistance {unknown}
 o - 2 potions of curing {@q1}
 r - 3 potions of mutation {unknown}
 w - a potion of degeneration {unknown}
 C - 2 potions of invisibility {unknown}
 F - 2 potions of agility {unknown}
Books
 D - a manual of Hexes {!d}
   (You found it on level 5 of the Dungeon)
Comestibles
 c - 13 rations {!d}


   Skills:
 + Level 5.8 Fighting
 - Level 3.1 Dodging
 - Level 3.9 Stealth
 * Level 2.2 Shields
 + Level 6.1 Unarmed Combat
 - Level 5.0 Spellcasting
 + Level 4.6 Hexes
 - Level 5.0 Charms
 * Level 10.7 Necromancy
 + Level 2.8 Transmutations


You had 3 spell levels left.
You knew the following spells:

 Your Spells              Type           Power        Failure   Level  Hunger
a - Pain                  Necr           ####         1%          1    None
b - Animate Skeleton      Necr           N/A          1%          1    None
c - Sublimation of Blood  Necr           ######....   1%          2    None
d - Vampiric Draining     Necr           ######....   1%          3    ##.....
e - Regeneration          Chrm/Necr      #####.....   1%          3    ##.....
f - Animate Dead          Necr           N/A          1%          4    ####...
g - Sticks to Snakes      Tmut           ###.....     7%          2    None

Your spell library contained the following spells:

 Spells                   Type           Power        Failure   Level  Hunger
 Slow                     Hex            ###.....     3%          2    None
 Beastly Appendage        Tmut           ###...       4%          1    None
 Magic Dart               Conj           #...         14%         1    None
 Blink                    Tloc           N/A          22%         2    None
 Call Imp                 Summ           #.......     22%         2    None
 Spider Form              Tmut/Pois      ##........   24%         3    ##.....
 Conjure Flame            Conj/Fire      #.......     41%         3    ##.....
 Mephitic Cloud           Conj/Pois/Air  #.......     41%         3    ##.....
 Ice Form                 Ice/Tmut       ##......     63%         4    ####...
 Blade Hands              Tmut           ###.......   77%         5    #####..


Dungeon Overview and Level Annotations

Branches:
Dungeon (10/15)            Temple (1/1) D:5            Lair (0/6) D:9
    Orc (0/2) D:9

Altars:
Ashenzari
Cheibriados
Dithmenos
Elyvilon
Fedhas
Gozag
Hepliaklqana
Kikubaaqudgha
Makhleb
Nemelex Xobeh
Okawaru
Qazlal
Ru
Sif Muna
Trog
Uskayaw
Vehumet
Wu Jian
Xom
Yredelemnul
Zin
The Shining One
Beogh

Shops:
D:5 *   D:7 [


Innate Abilities, Weirdness & Mutations

You have very sharp fingernails.
You have large cloven feet.
You have a pair of horns on your head.
Your flesh is cold resistant. (rC+)
When hurt, damage is shared between your health and your magic reserves.


Message History

You don't have enough magic to cast that spell.
Your centaur warrior zombie hits something but does no damage.
Your water moccasin zombie bites the fire bat.
You block the fire bat's attack.
The shadow strikes at your centaur warrior zombie from the darkness!
Reactivating autopickup.
You claw the fire bat!
The fire bat is severely wounded.
The fire bat closely misses you.
The fire bat bites your centaur warrior zombie.
Your centaur warrior zombie is engulfed in flames!
Your water moccasin zombie barely misses the fire bat.
Your centaur warrior zombie hits the shadow.
The shadow slips into darkness.
The shadow flickers and vanishes!
Deactivating autopickup; reactivate with Ctrl-A.
You scratch the fire bat.
The fire bat is almost dead.
The fire bat bites you but does no damage. x2
Your water moccasin zombie misses the fire bat.
Your centaur warrior zombie barely misses something.
You claw the fire bat!
You kill the fire bat!
Kikubaaqudgha accepts your kill.
Your water moccasin zombie barely misses something.
The shadow strikes at you from the darkness!
* * * LOW HITPOINT WARNING * * *
Reactivating autopickup.
The fire bat bites your centaur warrior zombie.
Your centaur warrior zombie is engulfed in flames!
You barely miss the shadow. You kick the shadow, but do no damage.
The shadow is lightly damaged.
The fire bat completely misses your centaur warrior zombie.
Your centaur warrior zombie hits the fire bat.
The fire bat bites your centaur warrior zombie.
Your centaur warrior zombie is engulfed in flames!
Your water moccasin zombie bites the shadow but does no damage.
You block the shadow's attack.
You barely miss the shadow.
The shadow is lightly damaged.
The fire bat barely misses your centaur warrior zombie.
Your centaur warrior zombie hits the fire bat!
The fire bat bites your centaur warrior zombie.
Your centaur warrior zombie is engulfed in flames.
Your water moccasin zombie barely misses the shadow.
Your centaur warrior zombie closely misses the fire bat.
The shadow hits you.
* * * LOW HITPOINT WARNING * * *
You are near starving!
You scratch the shadow. Your headbutt misses the shadow.
The shadow is lightly damaged.
The fire bat bites your centaur warrior zombie but does no damage.
Your water moccasin zombie bites the shadow.
Your centaur warrior zombie hits the fire bat.
You completely miss the shadow.
The shadow is moderately damaged.
The fire bat bites your centaur warrior zombie.
Your centaur warrior zombie is engulfed in flames.
The shadow closely misses you.
Your water moccasin zombie barely misses the shadow.
Your centaur warrior zombie hits the shadow but does no damage.
You scratch the shadow but do no damage.
You kick the shadow, but do no damage.
You headbutt the shadow, but do no damage.
The shadow is moderately damaged.
The shadow slips into darkness.
The shadow flickers and vanishes!
Deactivating autopickup; reactivate with Ctrl-A.
Your centaur warrior zombie hits something.
The fire bat bites your centaur warrior zombie.
Your centaur warrior zombie is engulfed in flames.
You scratch something but do no damage.
The fire bat bites your centaur warrior zombie.
Your centaur warrior zombie is engulfed in flames.
Your centaur warrior zombie is destroyed!
The shadow strikes at you from the darkness!
* * * LOW HITPOINT WARNING * * *
Reactivating autopickup.
You scratch the shadow.
The shadow is severely damaged.
Your water moccasin zombie bites the shadow but does no damage.
The fire bat bites you.
* * * LOW HITPOINT WARNING * * *
You are engulfed in flames!
* * * LOW HITPOINT WARNING * * *
The shadow hits you!
* * * LOW HITPOINT WARNING * * *
The fire bat bites you.
* * * LOW HITPOINT WARNING * * *
You are engulfed in flames!
* * * LOW HITPOINT WARNING * * *
Your water moccasin zombie bites the shadow.
The shadow slips into darkness.
The shadow flickers and vanishes!
Deactivating autopickup; reactivate with Ctrl-A.
You feel better. The fire bat bites you.
* * * LOW HITPOINT WARNING * * *
You are engulfed in flames!
You die...
Kikubaaqudgha rasps: "You have failed me!
Welcome... death!"

....####.#####
#########...... .##
#8Z8######..............
##'##...###.......).....
#.#..⌠..##########.....
##.##...# #..###
#+##...##†# #..###
#........{## #.....
#..###+###bZ#+ #.....
#.. ##@.# #..... ..
##..# ##.... . ...+
#.... ..## #.... .##
..... #+ .....


You could see a fire bat and a friendly water moccasin zombie.

Vanquished Creatures
  A two-headed ogre (D:9)
  A queen bee (D:7)
  Grinder (D:3)
  A troll (D:9)
  A hippogriff (D:8)
  A fire bat (D:10)
  A hungry ghost (D:7)
  2 sky beasts
  2 phantoms
  2 necrophages (D:7)
  3 orc warriors
  An eye of draining (D:10)
  5 ogres
  A centaur (D:6)
  2 big kobolds
  A gnoll sergeant (D:7)
  4 scorpions
  5 wights
  15 killer bees
  4 howler monkeys
  6 crimson imps
  A centaur zombie (D:8)
  2 quasits
  A bullfrog zombie (D:9)
  6 hounds
  6 orc priests
  9 orc wizards
  6 iguanas
  Terence (D:2)
  6 worker ants
  2 hound skeletons
  A worker ant zombie (D:9)
  Robin (D:2)
  5 gnolls (D:7)
  4 adders
  2 shadow imps (D:6)
  An adder zombie (D:5)
  An adder skeleton (D:4)
  3 worms
  2 dart slugs (D:1)
  6 leopard geckos
  28 orcs
  A ball python (D:2)
  10 bats
  5 giant cockroaches
  7 hobgoblins
  3 jackals (D:9)
  7 quokkas
  A ball python skeleton (D:4)
  4 frilled lizards
  11 goblins
  13 kobolds
  A leopard gecko zombie (D:8)
  10 rats
227 creatures vanquished.

Vanquished Creatures (collateral kills)
  A two-headed ogre (D:8)
  A gargoyle (D:10)
  2 trolls (D:10)
  A vampire (D:10)
  A phantom (D:10)
  A black bear (D:9)
  2 killer bees
  A jelly (D:9)
  A worker ant (D:4)
  A leopard gecko (D:1)
  4 orcs
  A ball python (D:6)
  A jackal skeleton (D:6)
18 creatures vanquished.

Vanquished Creatures (others)
  An orc wizard (D:10)
1 creature vanquished.

Grand Total: 246 creatures vanquished

Notes
Turn   | Place    | Note
-------+----------+-------------------------------------------
     0 | D:1      | CryoSword the Demonspawn Necromancer began the quest for
                  | the Orb.
     0 | D:1      | Reached XP level 1. HP: 13/13 MP: 3/3
     2 | D:1      | Learned a level 1 spell: Animate Skeleton
   486 | D:1      | Gained mutation: You have sharp fingernails. [demonic
                  | ancestry]
   486 | D:1      | Reached XP level 2. HP: 12/19 MP: 0/5
  1433 | D:2      | Found an iron altar of Okawaru.
  1453 | D:2      | Found a basalt altar of Yredelemnul.
  1466 | D:2      | Noticed Robin
  1533 | D:2      | Gained mutation: You have large cloven feet. [demonic
                  | ancestry]
  1533 | D:2      | Reached XP level 3. HP: 23/24 MP: 3/6
  1727 | D:2      | Noticed Terence
  1737 | D:2      | Killed Terence
  1737 | D:2      | Reached skill level 5 in Necromancy
  1886 | D:2      | Found a blossoming altar of Fedhas.
  1897 | D:2      | Reached skill level 1 in Unarmed Combat
  2159 | D:2      | Reached XP level 4. HP: 27/30 MP: 2/7
  2524 | D:2      | Killed Robin
  2816 | D:2      | Noticed a moth of wrath
  2819 | D:2      | Found a bloodstained altar of Trog.
  2957 | D:2      | Learned a level 3 spell: Vampiric Draining
  2961 | D:2      | Learned a level 3 spell: Regeneration
  3096 | D:3      | Noticed Grinder
  3135 | D:3      | Found a shattered altar of Ashenzari.
  3732 | D:3      | Found a glowing silver altar of Zin.
  3776 | D:3      | Paralysed by Grinder for 6 turns
  3788 | D:3      | Killed Grinder
  3788 | D:3      | Reached skill level 1 in Fighting
  3788 | D:3      | Reached skill level 1 in Charms
  3788 | D:3      | Reached skill level 6 in Necromancy
  3788 | D:3      | Gained mutation: You have very sharp fingernails. [demonic
                  | ancestry]
  3788 | D:3      | Reached XP level 5. HP: 6/37 MP: 9/9
  3788 | D:3      | Gained mutation: Your flesh is cold resistant. (rC+)
                  | [demonic ancestry]
  3788 | D:3      | Reached XP level 6. HP: 6/43 MP: 10/10
  4123 | D:3      | Found a burning altar of Makhleb.
  4928 | D:4      | Reached XP level 7. HP: 45/49 MP: 0/11
  5847 | D:5      | Entered Level 5 of the Dungeon
  6049 | D:5      | Learned a level 4 spell: Animate Dead
  6244 | D:5      | Reached skill level 7 in Necromancy
  6608 | D:5      | Found Bahyalux's Assorted Antiques.
  6616 | D:5      | Bought a glowing leather armour for 135 gold pieces
  6731 | D:5      | Found a staircase to the Ecumenical Temple.
  6738 | Temple   | Entered the Ecumenical Temple
  6868 | Temple   | Became a worshipper of Kikubaaqudgha
  7200 | D:6      | Gained mutation: You have a pair of small horns on your
                  | head. [demonic ancestry]
  7200 | D:6      | Reached XP level 8. HP: 34/57 MP: 3/13
  7487 | D:6      | You fall into a shaft and drop 2 floors!
  7521 | D:6      | Found a shimmering blue altar of Sif Muna.
  8127 | D:6      | Reached skill level 8 in Necromancy
  8363 | D:6      | Found an ornate altar of the Wu Jian Council.
  9025 | D:7      | Gained mutation: When hurt, damage is shared between your
                  | health and your magic reserves. [demonic ancestry]
  9025 | D:7      | Reached XP level 9. HP: 46/65 MP: 4/16
  9192 | D:7      | Reached * piety under Kikubaaqudgha
  9192 | D:7      | Identified Kikubaaqudgha's Papyrus of Unholy Secrets
                  | (Kikubaaqudgha gifted it to you on level 7 of the Dungeon)
  9192 | D:7      | Received a gift from Kikubaaqudgha
  9295 | D:7      | Learned a level 2 spell: Sublimation of Blood
  9337 | D:7      | Found a snail-covered altar of Cheibriados.
  9432 | D:7      | Found Fusen's Antique Armour Shoppe.
  9440 | D:7      | Bought a polished leather armour for 147 gold pieces
  9440 | D:7      | Bought an ancient robe for 119 gold pieces
  9440 | D:7      | Identified the +5 leather armour "Abisso" {rElec Int+2}
                  | (You bought it in a shop on level 7 of the Dungeon)
  9441 | D:7      | Identified the +2 robe of Pride {rElec rF- Regen+ Int+2}
                  | (You bought it in a shop on level 7 of the Dungeon)
  9667 | D:7      | Found a hide-covered altar of Uskayaw.
 10030 | D:8      | Noticed a queen bee
 10032 | D:8      | Reached skill level 9 in Necromancy
 10055 | D:7      | Killed a queen bee
 10055 | D:7      | Reached skill level 5 in Spellcasting
 11034 | D:8      | Found a shattered altar of Ashenzari.
 11251 | D:7      | Learned a level 2 spell: Sticks to Snakes
 11589 | D:7      | Reached skill level 1 in Hexes
 11589 | D:7      | Reached skill level 5 in Charms
 11615 | D:7      | Reached ** piety under Kikubaaqudgha
 11808 | D:8      | Reached skill level 5 in Unarmed Combat
 11816 | D:8      | Reached skill level 1 in Transmutations
 11816 | D:8      | Gained mutation: You have a pair of horns on your head.
                  | [demonic ancestry]
 11816 | D:8      | Reached XP level 10. HP: 49/71 MP: 11/17
 11950 | D:8      | Reached skill level 5 in Fighting
 11967 | D:8      | Found a shimmering altar of Xom.
 12251 | D:8      | Found a hazy altar of Hepliaklqana.
 12763 | D:9      | Noticed a two-headed ogre
 12796 | D:9      | Killed a two-headed ogre
 12796 | D:9      | Reached skill level 10 in Necromancy
 12861 | D:9      | Found a staircase to the Lair.
 12900 | D:9      | Found a staircase to the Orcish Mines.
 13137 | D:9      | Noticed a two-headed ogre
 13643 | D:8      | Killed a two-headed ogre
 14232 | D:9      | Found a roughly hewn altar of Beogh.
 14279 | D:10     | Entered Level 10 of the Dungeon
 14371 | D:10     | Noticed a gargoyle
 14398 | D:10     | Killed a gargoyle
 14398 | D:10     | Reached skill level 1 in Shields
 14716 | D:10     | HP: 1/74 [fire bat (6)]
 14717 | D:10     | Slain by a fire bat

Levels and vault maps discovered:
D:1:      dpeg_arrival_stone_temple_mockup, layout_loops_ring
D:2:      layout_loops_ring, fedhas_altar_1, yredelemnul_altar_generic,
          okawaru_gym_becter, tgw_trog, uniq_terence, uniq_robin
D:3:      layout_rooms, cheibrodos_ashenzari_chains,
          lemuel_coloured_pillars_altar, marbit_many_paths, uniq_grinder
D:4:      layout_loops_ring
D:5:      minmay_general_purpose_star, layout_basic,
          minmay_temple_entry_metal_lava, serial_shops, nicolae_shop_crystal,
          first_ration, minmay_manual_mail
D:6:      layout_basic, old_standard_altar, nicolae_overflow_hidden_temple
D:7:      layout_rooms, overflow_temple_1_default, basic_altar, serial_shops,
          shop
D:8:      layout_loops_cross, tgw_xom, kennysheep_mini, basic_altar,
          david_nohive_1
D:9:      layout_loops_corners, dpeg_oklobed_lair, minmay_orc_entry_temple_small
D:10:     due_megacathedral, layout_long_grid, serial_shops,
          kennysheep_mini_moat, nrook_mini_vaults
Temple:   minmay_temple_curvy_loop

Skill      XL: |  1  2  3  4  5  6  7  8  9 10 |
---------------+-------------------------------+-----
Stealth        | 2 3 |  3.9
Necromancy     | 5 6 7 8 9 10 | 10.7
Unarmed Combat | 1 2 3 4 5 6 |  6.1
Fighting       | 1 2 4 5 |  5.8
Dodging        | 2 3 |  3.1
Spellcasting   | 3 4 5 |  5.0
Charms         | 1 2 3 5 |  5.0
Hexes          | 1 4 |  4.6
Transmutations | 1 2 |  2.8
Shields        | 2 |  2.2

Action                   |  1- 3 |  4- 6 |  7- 9 | 10-12 || total
-------------------------+-------+-------+-------+-------++-------
Melee: Unarmed           |    15 |    59 |   328 |   112 ||   514
       Kick              |     1 |    14 |    67 |    24 ||   106
       Headbutt          |       |       |    28 |    12 ||    40
       Punch             |       |       |     3 |     2 ||     5
Throw: Stone             |     8 |     1 |       |       ||     9
       Boomerang         |       |    11 |    27 |       ||    38
 Cast: Pain              |    61 |    70 |   184 |    81 ||   396
       Animate Skeleton  |    14 |    13 |    18 |     3 ||    48
       Regeneration      |       |     2 |    20 |    18 ||    40
       Vampiric Draining |       |     2 |    27 |    13 ||    42
       Animate Dead      |       |       |     6 |    14 ||    20
       Sublimation of Bl |       |       |     6 |    14 ||    20
       Sticks to Snakes  |       |       |       |     2 ||     2
Invok: Receive Corpses   |       |       |       |     8 ||     8
  Use: Scroll            |       |     9 |     7 |       ||    16
       Potion            |       |     1 |     4 |     1 ||     6
 Stab: Sleeping          |       |     3 |     1 |       ||     4
       Distracted        |       |       |     1 |     1 ||     2
  Eat: Chunk             |     5 |     9 |    23 |     4 ||    41
       Ration            |       |       |     3 |     3 ||     6
Armor: Robe              |     4 |    14 |       |       ||    18
       Skin              |       |     4 |     1 |       ||     5
       Ring mail         |       |     2 |    75 |       ||    77
       Leather armour    |       |       |    98 |    62 ||   160
Dodge: Dodged            |    18 |    41 |   281 |   110 ||   450
       Deflected         |       |     3 |    15 |     1 ||    19
Block: Other             |       |    10 |    75 |    52 ||   137
       Reflection        |       |       |     4 |     2 ||     6

Table legend:
 A = Non-vault XP
 B = Vault XP
 C = Vault XP percentage of total XP
 D = Non-vault monster count
 E = Vault monster count
 F = Vault count percentage of total count
                 A         B        C        D         E       F
            +---------+---------+-------+---------+---------+-------
      Total |    7608 |    2247 |  22.8 |     194 |      51 |  20.8
            +---------+---------+-------+---------+---------+-------
        D:1 |      28 |       0 |   0.0 |      16 |       0 |   0.0
        D:2 |      34 |      80 |  70.2 |      18 |      18 |  50.0
        D:3 |      39 |     287 |  88.0 |      13 |       2 |  13.3
        D:4 |     614 |       0 |   0.0 |      22 |       0 |   0.0
        D:5 |     275 |     152 |  35.6 |      14 |       4 |  22.2
        D:6 |    1083 |       0 |   0.0 |      22 |       0 |   0.0
        D:7 |    1029 |     697 |  40.4 |      26 |       7 |  21.2
        D:8 |    1366 |     728 |  34.8 |      17 |      13 |  43.3
        D:9 |    1569 |     303 |  16.2 |      27 |       7 |  20.6
       D:10 |    1571 |       0 |   0.0 |      19 |       0 |   0.0
            +---------+---------+-------+---------+---------+-------
